 Dungeon Crawl Stone Soup version 0.23.2-1-ga50397a (webtiles) character file.

Game seed: 7702848091121732285

543 esteth the Insei (level 7, 0/43 HPs)
             Began as an Octopode Transmuter on Apr 17, 2019.
             Was a Follower of Yredelemnul.
             Slain by an ogre
             ... wielding a +0 giant club
              (31 damage)
             ... on level 5 of the Dungeon on Apr 18, 2019.
             The game lasted 00:13:51 (5739 turns).

esteth the Insei (Octopode Transmuter)              Turns: 5739, Time: 00:13:52

Health: 0/43       AC:  1    Str:  9    XL:     7   Next: 27%
Magic:  3/10       EV: 12    Int: 18    God:    Yredelemnul [*.....]
Gold:   124        SH:  3    Dex: 12    Spells: 2/11 levels left

rFire    . . .     SeeInvis .     - Unarmed
rCold    . . .     Gourm    .   k - +0 buckler
rNeg     . . .     Faith    .   (helmet restricted)
rPois    .         Spirit   .   (no amulet)
rElec    .         Reflect  .   (no ring)
rCorr    .         Harm     .   (no ring)
MR       .....                  (no ring)
Stlth    ++........             (no ring)
HPRegen  0.14/turn              (no ring)
MPRegen  0.12/turn              (no ring)
                                (no ring)
                                (no ring)

@: appendage, very slightly contaminated
A: almost no armour, stealthy swim, amphibious, 8 rings, constrict 8, tentacle
spike 3, camouflage 1, gelatinous body 1
a: End Transformation, Animate Remains, Renounce Religion


You were on level 5 of the Dungeon.
You worshipped Yredelemnul.
Yredelemnul was aware of your devotion.
You were near starving.
One of your tentacles had a temporary spike.
You visited 1 branch of the dungeon, and saw 5 of its levels.

You collected 241 gold pieces.
You spent 117 gold pieces at shops.

Inventory:

Missiles
 a - 45 arrows (quivered)
Armour
 k - a +0 buckler (worn)
Scrolls
 b - a scroll of enchant armour {unknown}
 d - a scroll of fear
 e - a scroll of magic mapping {unknown}
 g - 5 scrolls of remove curse {unknown}
 l - 2 scrolls of teleportation {unknown}
 n - a scroll of amnesia {unknown}
 o - a scroll of identify
Potions
 f - a potion of resistance
 h - a potion of degeneration
 i - a potion of might
 j - 2 potions of curing {unknown}
 m - 2 potions of invisibility
Comestibles
 c - 13 rations


   Skills:
 - Level 1.0 Fighting
 - Level 2.0 Dodging
 - Level 6.0 Unarmed Combat
 + Level 2.5 Spellcasting
 + Level 1.5 Charms
 - Level 3.7 Transmutations
 + Level 1.5 Ice Magic
 - Level 2.3 Poison Magic
 - Level 1.2 Invocations


You had 2 spell levels left.
You knew the following spells:

 Your Spells              Type           Power        Failure   Level  Hunger
a - Beastly Appendage     Tmut           ###...       6%          1    #......
b - Sticks to Snakes      Tmut           ###.....     10%         2    ##.....
c - Spider Form           Tmut/Pois      ##........   24%         3    ###....
d - Ozocubu's Armour      Chrm/Ice       #.......     43%         3    ###....

Your spell library contained the following spells:

 Spells                   Type           Power        Failure   Level  Hunger
 Freeze                   Ice            #...         16%         1    #......
 Throw Frost              Conj/Ice       #.....       32%         2    ##.....
 Ice Form                 Ice/Tmut       ##......     67%         4    #####..
 Blade Hands              Tmut           ###.......   86%         5    ######.
 Summon Ice Beast         Ice/Summ       #.......     91%         4    #####..
 Throw Icicle             Conj/Ice       #.......     91%         4    #####..


Dungeon Overview and Level Annotations

Branches:
Dungeon (5/15)
 Temple: D:4-7

Altars:
Dithmenos
Fedhas
Hepliaklqana
Makhleb
Sif Muna
Yredelemnul
Zin

Shops:
D:5 [((

Annotations:
D:2 1 runed translucent door, Crazy Yiuf, Sigmund


Innate Abilities, Weirdness & Mutations

You cannot wear most types of armour.
You are very stealthy in the water. (Stealth+)
You are amphibious.
You can wear up to eight rings at the same time.
You can use your tentacles to constrict eight enemies at once.
Your skin changes colour to match your surroundings (Stealth+).
Your rubbery body absorbs attacks. (AC +1, EV +1)
One of your tentacles bears a large vicious spike.


Message History

You are near starving!
Casting: Sticks to Snakes (safe; 10% risk of failure)
Confirm with . or Enter, or press ? or * to list all spells.
You create a snake!
You now have 45 arrows.
The scorpion stings you.
You barely miss the scorpion. Your grab misses the scorpion.
The ogre misses you. The scorpion stings you!
Your ball python bites the scorpion but does no damage.
Your ball python closely misses the scorpion.
The scorpion stings your ball python.
Your ball python dies!
You tentacle-slap the ogre.
The ogre is lightly wounded.
Your ball python misses the scorpion.
Your ball python grabs the scorpion.
Your ball python constricts the scorpion.
The scorpion stings your ball python.
Your ball python dies!
The ogre hits you with a +0 giant club!!
Ouch! That really hurt!
You die...
Your body rises from the dead as a mindless zombie.

..# ... ... ..# #.. #.#
..#.........#..##.####
..#.........#........
..#.........#.......
..#....<....+......
..#.........#....s#########
..#.........#...O.#........
..#.........#...@.#........
..#.........#.....#........
..###+#.....#.....#........
......'.....#.....#.......#
......#.....##'####.......#
####'.8..∩..8.............#
...................########
...................#......#
###
...................'......#
#..


You could see an ogre and a scorpion.

Vanquished Creatures
  An ice beast (D:5)
  2 scorpions
  A howler monkey (D:4)
  A bullfrog zombie (D:5)
  2 orc wizards
  3 worker ants (D:4)
  6 adders
  A shadow imp (D:5)
  4 worms
  2 dart slugs (D:1)
  2 leopard geckos
  12 orcs
  7 giant cockroaches
  7 goblins
  6 hobgoblins
  7 jackals
  12 kobolds
  3 quokkas
  A ball python (D:1)
  3 bats
  8 frilled lizards
  A leopard gecko skeleton (D:5)
  8 rats
100 creatures vanquished.

Vanquished Creatures (collateral kills)
  An orc (D:4)
  A quokka (D:5)
2 creatures vanquished.

Grand Total: 102 creatures vanquished

Notes
Turn   | Place    | Note
-------+----------+-------------------------------------------
     0 | D:1      | esteth the Octopode Transmuter began the quest for the Orb.
     0 | D:1      | Reached XP level 1. HP: 13/13 MP: 3/3
   142 | D:1      | Reached XP level 2. HP: 14/18 MP: 5/5
   361 | D:1      | Learned a level 2 spell: Sticks to Snakes
   479 | D:1      | Reached XP level 3. HP: 16/23 MP: 4/6
  1092 | D:2      | Learned a level 3 spell: Spider Form
  1151 | D:2      | Found a faded altar of an unknown god.
  1255 | D:2      | Reached skill level 1 in Poison Magic
  1350 | D:2      | Reached XP level 4. HP: 16/28 MP: 5/7
  1472 | D:2      | Found a basalt altar of Yredelemnul.
  1487 | D:2      | Became a worshipper of Yredelemnul the Dark
  1692 | D:2      | Noticed Sigmund
  1778 | D:2      | Found a runed translucent door.
  1779 | D:2      | Noticed Crazy Yiuf
  2591 | D:3      | Found a hazy altar of Hepliaklqana.
  2804 | D:3      | Reached XP level 5. HP: 29/33 MP: 6/8
  2954 | D:3      | Reached skill level 4 in Unarmed Combat
  3558 | D:4      | Reached skill level 5 in Unarmed Combat
  3561 | D:4      | Reached XP level 6. HP: 27/38 MP: 7/9
  3614 | D:3      | Reached * piety under Yredelemnul
  4155 | D:4      | Found a shadowy altar of Dithmenos.
  4459 | D:4      | Found a burning altar of Makhleb.
  4505 | D:4      | Found a blossoming altar of Fedhas.
  4510 | D:4      | Found a deep blue altar of Sif Muna.
  4629 | D:4      | Reached skill level 6 in Unarmed Combat
  4629 | D:4      | Reached skill level 1 in Invocations
  4888 | D:4      | Found a glowing silver altar of Zin.
  4897 | D:4      | Learned a level 3 spell: Ozocubu's Armour
  5031 | D:5      | Entered Level 5 of the Dungeon
  5091 | D:5      | Found Boneomp's Antique Weapon Boutique.
  5255 | D:5      | Noticed an ice beast
  5289 | D:5      | Killed an ice beast
  5289 | D:5      | Reached skill level 1 in Charms
  5289 | D:5      | Reached skill level 1 in Ice Magic
  5289 | D:5      | Reached XP level 7. HP: 29/43 MP: 3/10
  5398 | D:5      | Found Nuar's Antique Armour Emporium.
  5550 | D:5      | Bought a buckler for 117 gold pieces
  5580 | D:5      | Found Lomaj's Antique Weapon Emporium.
  5739 | D:5      | Slain by an ogre

Skill      XL: |  1  2  3  4  5  6 |
---------------+-------------------+-----
Transmutations | 3 |  3.7
Poison Magic   | 1 2 |  2.3
Unarmed Combat | 5 6 |  6.0
Invocations    | 1 |  1.2
Charms         | 1 |  1.5
Ice Magic      | 1 |  1.5
Fighting       | |  1.0
Dodging        | |  2.0
Spellcasting   | |  2.5

Action                   |  1- 3 |  4- 6 |  7- 9 || total
-------------------------+-------+-------+-------++-------
Melee: Unarmed           |    89 |   163 |    16 ||   268
       Constrict         |    27 |    39 |     2 ||    68
       Tentacles         |    12 |    30 |     2 ||    44
       Kick              |     8 |    21 |     4 ||    33
       Punch             |     1 |     4 |       ||     5
 Cast: Beastly Appendage |     7 |    19 |     2 ||    28
       Sticks to Snakes  |       |     4 |     2 ||     6
  Use: Scroll            |       |     4 |       ||     4
       Potion            |       |     3 |       ||     3
 Stab: Sleeping          |     5 |     4 |       ||     9
       Distracted        |       |     1 |       ||     1
  Eat: Chunk             |     1 |    10 |       ||    11
       Ration            |       |     1 |       ||     1
Armor: Skin              |     6 |     6 |       ||    12
Dodge: Dodged            |    47 |    87 |     8 ||   142
